 Dungeon Crawl Stone Soup version 0.28.0-49-g6dfe1f597d (webtiles) character file.

Game seed: 9022507049824525608

89749 Exodus22XD the Severer (level 15, -35/125 HPs)
             Began as a Minotaur Fighter on May 20, 2022.
             Was the Champion of Hepliaklqana.
             Killed from afar by a deep elf zephyrmancer (39 damage)
             ... with a bolt of lightning
             ... on level 2 of the Elven Halls.
             The game lasted 00:53:08 (28804 turns).

Exodus22XD the Severer (Minotaur Fighter)          Turns: 28804, Time: 00:53:08

Health: -35/125    AC: 27    Str: 28    XL:     15   Next: 50%
Magic:  23/23      EV:  8    Int:  5    God:    Hepliaklqana [******]
Gold:   560        SH:  6    Dex: 10    Spells: 14/14 levels left

rFire   + . .      SeeInvis .   T - +2 broad axe (spect)
rCold   + . .      Faith    .   c - +0 buckler
rNeg    . . .      Spirit   .   L - +2 plate armour of Day {Harm rC+ Stlth+}
rPois   +          Reflect  .   (helmet restricted)
rElec   .          Harm     +   O - +2 cloak {rPois}
rCorr   .          Rampage  .   r - +0 pair of gloves
Will    ++...                   a - +2 pair of boots
Stlth   ..........              l - amulet of the acrobat
HPRegen 0.30/turn               J - ring "Daloick" {Will+ Slay+6}
MPRegen 0.18/turn               K - ring of protection from fire

@: about to teleport
A: reduced essence, horns 2, retaliatory headbutt
a: Renounce Religion, Recall Ancestor, Ancestor Identity, Transference, Idealise


You were on level 2 of the Elven Halls.
You worshipped Hepliaklqana.
Hepliaklqana was exalted by your worship.
You visited 4 branches of the dungeon, and saw 21 of its levels.

You collected 2268 gold pieces.
You spent 1708 gold pieces at shops.

Inventory:

Hand Weapons
 u - a +0 vorpal morningstar
 x - a +4 trident of chaos
 T - a +2 spectral broad axe (weapon)
Missiles
 b - 2 throwing nets (quivered)
Armour
 a - a +2 pair of boots (worn)
 c - a +0 buckler (worn)
 r - a +0 pair of gloves (worn)
 L - the +2 plate armour of Day (worn) {Harm rC+ Stlth+}
   (You bought it in a shop on level 2 of the Orcish Mines)

   rC:        It protects you from cold.
   Harm:      It increases damage dealt and taken.
   Stlth:     It makes you more stealthy.
 N - a +2 chain mail of willpower
 O - a +2 cloak of poison resistance (worn)
Jewellery
 j - a ring of flight
 l - an amulet of the acrobat (around neck)
 n - a ring of poison resistance
 w - a +4 ring of protection
 J - the ring "Daloick" (left hand) {Will+ Slay+6}
   (You found it on level 11 of the Dungeon)

   [ring of willpower]

   Slay:      It affects your accuracy & damage with ranged weapons and melee
   (+6).
   Will:      It increases your willpower.
 K - a ring of protection from fire (right hand)
 P - a +6 ring of strength
 S - a ring of magical power
 V - a +6 ring of intelligence
Wands
 f - a wand of iceblast (8)
 m - a wand of paralysis (12)
 q - a wand of digging (11)
 A - a wand of polymorph (19)
 F - a wand of flame (12)
Scrolls
 e - 2 scrolls of magic mapping
 g - 4 scrolls of fog
 k - 2 scrolls of immolation
 o - a scroll of silence
 s - 7 scrolls of teleportation
 t - 6 scrolls of vulnerability
 y - 2 scrolls of fear
 B - 3 scrolls of enchant armour
 D - 2 scrolls of torment
 M - a scroll of holy word
 R - 2 scrolls of summoning
 U - a scroll of identify
Potions
 d - 2 potions of might
 h - 3 potions of lignification
 i - 2 potions of attraction
 p - 2 potions of cancellation {unknown}
 v - 6 potions of curing
 z - 2 potions of brilliance {unknown}
 C - a potion of magic {unknown}
 E - 4 potions of flight
 G - a potion of berserk rage {unknown}
 H - a potion of invisibility {unknown}
 Q - 2 potions of mutation {unknown}
Miscellaneous
 I - a box of beasts


   Skills:
 + Level 14.8 Fighting
 + Level 16.7(18.4) Axes
 + Level 1.9(11.1) Maces & Flails
 + Level 12.9(16.5) Polearms
 + Level 14.7 Armour
 + Level 9.0 Shields
 * Level 12.5 Invocations


You had 14 spell levels left.
You didn't know any spells.
Your spell library was empty.

Dungeon Overview and Level Annotations

Branches:
Dungeon (11/15)            Temple (0/1) D:6            Lair (6/6) D:8
  Swamp (0/4) Lair:2       Spider (0/4) Lair:4        Slime (0/5) Lair:6
    Orc (2/2) D:11            Elf (2/3) Orc:2

Altars:
Hepliaklqana
Makhleb
Nemelex Xobeh
Beogh
Jiyva

Shops:
D:6 (?!   Orc:2 *[[(   Elf:2 (

Portals:
Hell: Lair:6
Abyss: D:4

Annotations:
D:4 2 transporters, Atelerd's ghost, amateur OpEE
D:5 1 runed translucent door, Crazy Yiuf
Lair:2 3 runed translucent doors, Alonk's ghost, journeyman DjFE
Lair:5 2 transporters, burn09's ghost, journeyman MiBe


Innate Abilities, Weirdness & Mutations

Your life essence is reduced to manifest your ancestor. (-10% HP)
You have a pair of horns on your head.
You reflexively headbutt those who attack you in melee.


Message History

You block the +6 vorpal dire flail's attack.
The deep elf zephyrmancer points at you and mumbles some strange words.
The bolt of lightning hits the +6 vorpal dire flail.
The +6 vorpal dire flail completely resists.
The bolt of lightning hits you!!
Artakama hits the +6 vorpal dire flail with a +0 dagger of draining.
You closely miss the +6 vorpal dire flail.
Your headbutt misses the +6 vorpal dire flail.
The +6 vorpal dire flail is lightly damaged.
The +6 vorpal dire flail hits you!
The deep elf zephyrmancer mumbles some strange words.
The deep elf zephyrmancer blinks!
A deep elf pyromancer comes into view. It is wielding a +0 dagger.
You hit the +6 vorpal dire flail.
The +6 vorpal dire flail is lightly damaged.
The +6 vorpal dire flail hits you!
Artakama hits the +6 vorpal dire flail but does no damage.
The +6 vorpal dire flail hits you!
The deep elf zephyrmancer points at you and mumbles some strange words.
The bolt of lightning hits you!!
* * * LOW HITPOINT WARNING * * *
The bolt of lightning hits you!
* * * LOW HITPOINT WARNING * * *
Something hits Artakama!!
The deep elf archer unwields a +0 short sword.
The deep elf archer wields a +0 shortbow.
The deep elf archer shoots an arrow.
The arrow hits you but does no damage.
Okay, then.
As you read the scroll of teleportation, it crumbles to dust.
You feel strangely unstable.
Something closely misses Artakama.
The deep elf pyromancer casts a spell.
The deep elf pyromancer blinks!
The deep elf archer shoots an arrow.
The arrow hits you.
* * * LOW HITPOINT WARNING * * *
Something completely misses Artakama.
The deep elf zephyrmancer points at you and mumbles some strange words.
The bolt of lightning hits Artakama!!!
Artakama is destroyed!
The bolt of lightning hits you!!
You die...

#..#..[...#..#..########
#..#......#..#..#.......
#..#......#..#..#.......
#..#......#..#..#.......
#..#......#..#..#....§..
#..#<.....#..e..#.......
#..#......#..#..(..e...§
#..+......#..#..#'######
#..#......#∩.#..@.......
#..#......#..#(.........
#..##'#####..###########
#.......).)........
#....<.............
###################


You could see a deep elf archer (repels missiles) and a deep elf zephyrmancer.

Vanquished Creatures
  A deep elf demonologist (Elf:1)
  2 dire elephants (Lair:6)
  Erolcha (Orc:2)
  Harold (Orc:1)
  6 hydras
  A catoblepas (Lair:6)
  4 two-headed ogres
  6 dancing weapons
  11 death yaks
  Sonja (Lair:2)
  A sun demon (Lair:6)
  3 orc high priests (Orc:2)
  4 deep elf knights (Elf:1)
  2 fire crabs (Lair:6)
  A lindwurm (Lair:6)
  4 orc knights (Orc:2)
  4 deep elf archers
  A wizard (Lair:6)
  14 deep elf zephyrmancers
  7 orc sorcerers (Orc:2)
  10 deep elf pyromancers
  Maurice (Orc:2)
  13 elephants
  6 black mambas
  A gargoyle (D:8)
  13 cane toads
  3 orange demons (Lair:6)
  3 rime drakes
  4 komodo dragons
  An ice devil (Lair:6)
  3 trolls
  Prince Ribbit (D:8)
  2 polar bears (Lair:6)
  Grinder (D:5)
  9 blink frogs
  A slime creature (Lair:6)
  A jumping spider (Lair:4)
  3 culicivoras (Lair:4)
  2 air elementals (Elf:1)
  A water elemental (Elf:2)
  10 wyverns
  A wraith (D:10)
  2 shadows
  26 yaks
  2 fire elementals (Elf:1)
  4 basilisks
  Edmund (D:5)
  3 redbacks (Lair:4)
  Menkaure (D:4)
  2 acid dragons
  3 wargs
  14 water moccasins
  4 hell hounds (Lair:6)
  A sky beast (D:6)
  21 orc warriors
  A black bear (D:8)
  3 centaurs
  A necrophage (D:5)
  6 ogres
  A phantom (D:6)
  2 kobold brigands
  12 bullfrogs
  2 earth elementals (Elf:1)
  A wyvern zombie (D:7)
  2 scorpions (D:6)
  A water moccasin skeleton (D:4)
  4 wights (D:7)
  13 killer bees
  5 howler monkeys
  An electric eel (Lair:1)
  2 bullfrog zombies
  3 centaur zombies
  A hound (D:6)
  23 orc priests
  A gnoll shaman (D:8)
  4 jellies
  Jessica (D:3)
  23 orc wizards
  A scorpion zombie (D:5)
  A hell rat (Lair:6)
  A hound zombie (D:5)
  A hound skeleton (D:5)
  9 gnolls (D:8)
  5 adders
  A shadow imp (D:5)
  4 white imps
  2 ufetubi
  2 worms
  A dart slug (D:1)
  54 orcs
  9 ball pythons
  9 endoplasms
  6 goblins
  5 hobgoblins
  3 jackals (D:2)
  14 kobolds
  4 quokkas
  3 bats
  5 frilled lizards
  A jackal skeleton (D:4)
  5 rats
508 creatures vanquished.

Vanquished Creatures (collateral kills)
  An orc warlord (Orc:2)
  A catoblepas (Lair:4)
  4 hydras
  A death yak (Lair:5)
  A two-headed ogre (D:8)
  An orc knight (Orc:2)
  A deep elf archer (Elf:1)
  A cyclops (D:11)
  A deep elf zephyrmancer (Elf:1)
  An ugly thing (D:11)
  2 cane toads
  A smoke demon (Lair:6)
  A rime drake (Lair:6)
  2 komodo dragons
  An ice devil (Lair:6)
  2 trolls
  A jumping spider (Lair:4)
  2 wyverns
  A shadow (D:9)
  A basilisk (D:8)
  5 yaks
  3 water moccasins
  5 orc warriors
  A sky beast (D:7)
  A black bear (D:5)
  An ogre (D:6)
  A centaur (D:8)
  A phantom (D:4)
  A kobold brigand (D:6)
  Blork the orc (D:4)
  2 bullfrogs
  4 killer bees
  A wight (D:7)
  A howler monkey (D:10)
  A bullfrog skeleton (D:5)
  An iguana (D:5)
  Ijyb (D:5)
  4 orc wizards
  A hound skeleton (D:5)
  An adder (D:2)
  A white imp (D:5)
  14 orcs
  A goblin (D:4)
  5 kobolds
  A rat (D:2)
86 creatures vanquished.

Vanquished Creatures (others)
  An air elemental (Elf:1)
  29 hexers
  An orc (Orc:2)
  47 fungi
  69 plants
147 creatures vanquished.

Grand Total: 741 creatures vanquished

Notes
Turn   | Place    | Note
-------+----------+-------------------------------------------
     0 | D:1      | Exodus22XD the Minotaur Fighter began the quest for the
                  | Orb.
     0 | D:1      | Reached XP level 1. HP: 19/19 MP: 0/0
    75 | D:1      | Reached XP level 2. HP: 11/27 MP: 1/1
   676 | D:1      | Reached skill level 3 in Axes
   676 | D:1      | Reached XP level 3. HP: 33/33 MP: 2/2
   909 | D:1      | Found a faded altar of an unknown god.
   917 | D:1      | Prayed at the altar of an unknown god.
   917 | D:1      | Became a worshipper of Hepliaklqana the Forgotten
   917 | D:1      | Reached * piety under Hepliaklqana
  1544 | D:2      | Reached XP level 4. HP: 29/36 MP: 3/3
  1689 | D:2      | Reached ** piety under Hepliaklqana
  1691 | D:2      | Remembered your ancestor Artakama as a hexer
  2063 | D:3      | Noticed Jessica
  2067 | D:3      | Killed Jessica
  2068 | D:3      | Reached skill level 4 in Axes
  2418 | D:3      | Reached XP level 5. HP: 42/42 MP: 4/4
  2722 | D:4      | Noticed a small abomination
  2733 | D:4      | Found a transporter.
  2733 | D:4      | Noticed Atelerd's ghost (amateur OpEE)
  2752 | D:4      | Found a transporter.
  2790 | D:4      | Noticed a phantom
  2798 | D:4      | Killed a phantom
  2799 | D:4      | Reached skill level 5 in Armour
  2857 | D:4      | Noticed Menkaure
  2863 | D:4      | Killed Menkaure
  2864 | D:4      | Reached skill level 5 in Axes
  2864 | D:4      | Reached skill level 1 in Invocations
  2864 | D:4      | Reached XP level 6. HP: 28/47 MP: 5/5
  3172 | D:4      | Reached skill level 6 in Axes
  3277 | D:4      | Reached XP level 7. HP: 47/54 MP: 7/7
  3317 | D:4      | Noticed Blork the orc
  3326 | D:4      | Killed Blork the orc
  3454 | D:4      | Reached skill level 5 in Fighting
  3658 | D:4      | Found a one-way gate to the infinite horrors of the Abyss.
  3748 | D:5      | Entered Level 5 of the Dungeon
  3764 | D:5      | Noticed Edmund
  3858 | D:5      | Killed Edmund
  3859 | D:5      | Reached skill level 7 in Axes
  4024 | D:5      | Reached *** piety under Hepliaklqana
  4030 | D:5      | Reached XP level 8. HP: 62/62 MP: 9/9
  4036 | D:5      | Noticed Ijyb
  4039 | D:5      | Noticed Grinder
  4041 | D:5      | Killed Ijyb
  4042 | D:5      | Reached skill level 1 in Maces & Flails
  4052 | D:5      | Killed Grinder
  4062 | D:5      | Reached skill level 8 in Axes
  4699 | D:5      | Found a runed translucent door.
  4700 | D:5      | Noticed Crazy Yiuf
  4832 | D:6      | Found Ackuox's Weapon Emporium.
  4955 | D:6      | Reached skill level 9 in Axes
  4963 | D:6      | Reached skill level 5 in Shields
  4969 | D:6      | Reached XP level 9. HP: 56/70 MP: 11/11
  4980 | D:6      | Reached skill level 1 in Polearms
  5336 | D:6      | Found Wejoruw's Distillery.
  5342 | D:6      | Bought a potion of curing for 42 gold pieces
  5342 | D:6      | Bought a potion of heal wounds for 70 gold pieces
  5465 | D:6      | Reached **** piety under Hepliaklqana
  5794 | D:6      | Found a staircase to the Ecumenical Temple.
  5893 | D:6      | Found Toqe's Magic Scroll Emporium.
  5898 | D:6      | Bought a scroll of identify for 26 gold pieces
  5898 | D:6      | Bought a scroll of identify for 26 gold pieces
  5898 | D:6      | Bought a scroll of identify for 26 gold pieces
  6160 | D:7      | Reached skill level 5 in Invocations
  6165 | D:7      | Reached skill level 10 in Axes
  7485 | D:8      | Reached XP level 10. HP: 79/79 MP: 13/13
  7646 | D:8      | Noticed Prince Ribbit
  7655 | D:8      | Killed Prince Ribbit
  7656 | D:8      | Reached skill level 11 in Axes
  8250 | D:8      | Found a sparkling altar of Nemelex Xobeh.
  8353 | D:8      | Noticed a gargoyle
  8377 | D:8      | Killed a gargoyle
  8944 | D:8      | Found a staircase to the Lair.
  9241 | D:8      | Identified the +12 falchion "Ypiacoseo" {holy, rPois}
  9282 | D:8      | Noticed a two-headed ogre
  9298 | D:8      | Killed a two-headed ogre
  9299 | D:8      | Reached skill level 12 in Axes
  9442 | D:8      | Noticed a two-headed ogre
  9455 | D:8      | Killed a two-headed ogre
  9456 | D:8      | Reached XP level 11. HP: 79/87 MP: 15/15
 10076 | D:9      | Reached ***** piety under Hepliaklqana
 10079 | D:9      | Noticed a two-headed ogre
 10086 | D:9      | Killed a two-headed ogre
 10451 | D:9      | Reached skill level 10 in Armour
 10555 | D:9      | Identified the +2 shortbow "Gawnoism" {freeze, Str+7 Dex+3}
 10572 | D:9      | Noticed a two-headed ogre
 11584 | D:9      | Killed a two-headed ogre
 11722 | D:10     | Entered Level 10 of the Dungeon
 12664 | D:11     | Noticed a cyan ugly thing
 12683 | D:11     | HP: 1/89 [troll (9)]
 12687 | D:10     | Reached skill level 10 in Fighting
 13015 | D:11     | Killed a cyan ugly thing
 13016 | D:11     | Reached skill level 5 in Polearms
 13123 | D:11     | Noticed a two-headed ogre
 13188 | D:11     | Killed a two-headed ogre
 13189 | D:11     | Reached skill level 13 in Axes
 13512 | D:11     | Identified the ring "Daloick" {Will+ Slay+6}
 13524 | D:11     | Found a staircase to the Orcish Mines.
 14009 | Lair:1   | Entered Level 1 of the Lair of Beasts
 14179 | Lair:1   | Reached XP level 12. HP: 90/96 MP: 17/17
 15470 | Lair:2   | Noticed a death yak
 15470 | Lair:2   | Noticed a death yak
 15470 | Lair:2   | Noticed a death yak
 15470 | Lair:2   | Noticed a death yak
 15470 | Lair:2   | Noticed a death yak
 15470 | Lair:2   | Noticed Sonja
 15471 | Lair:2   | Noticed a death yak
 15481 | Lair:1   | Killed a death yak
 15671 | Lair:2   | Killed Sonja
 15725 | Lair:2   | Found a runed translucent gate.
 15725 | Lair:2   | Found a runed translucent gate.
 15725 | Lair:2   | Found a runed translucent gate.
 15728 | Lair:2   | Noticed Alonk's ghost (journeyman DjFE)
 15731 | Lair:2   | Found a viscous altar of Jiyva.
 16094 | Lair:2   | Noticed a four-headed hydra
 16103 | Lair:2   | Killed a four-headed hydra
 16171 | Lair:2   | Killed a death yak
 16171 | Lair:2   | Killed a death yak
 16171 | Lair:2   | Killed a death yak
 16171 | Lair:2   | Killed a death yak
 16173 | Lair:2   | Killed a death yak
 16412 | Lair:2   | Found a staircase to the Swamp.
 16927 | Lair:3   | Noticed an eight-headed hydra
 17120 | Lair:3   | Noticed a seven-headed hydra
 17128 | Lair:3   | Killed a seven-headed hydra
 17368 | Lair:3   | Killed an eight-headed hydra
 17378 | Lair:3   | Reached XP level 13. HP: 45/104 MP: 19/19
 17923 | Lair:4   | Reached skill level 10 in Polearms
 17928 | Lair:4   | Reached ****** piety under Hepliaklqana
 18194 | Lair:4   | Reached skill level 10 in Invocations
 18325 | Lair:4   | Found a hole to the Spider Nest.
 19768 | Lair:5   | Found a transporter.
 19812 | Lair:5   | Noticed burn09's ghost (journeyman MiBe)
 20374 | Lair:5   | Reached skill level 14 in Axes
 20666 | Lair:5   | Found a transporter.
 20933 | Lair:6   | Entered Level 6 of the Lair of Beasts
 21268 | Lair:6   | Reached XP level 14. HP: 103/114 MP: 21/21
 22083 | Lair:6   | Found a staircase to the Slime Pits.
 22925 | Lair:6   | Found a burning altar of Makhleb.
 23285 | Lair:6   | Found a gateway to Hell.
 23815 | Orc:1    | Entered Level 1 of the Orcish Mines
 24020 | Orc:2    | Entered Level 2 of the Orcish Mines
 24140 | Orc:2    | Noticed an orc warlord
 24160 | Orc:2    | Killed an orc warlord
 24161 | Orc:2    | Reached skill level 15 in Axes
 24528 | Orc:2    | Found a staircase to the Elven Halls.
 24662 | Orc:2    | Found a burning altar of Makhleb.
 24722 | Orc:2    | Noticed Erolcha
 24727 | Orc:2    | Noticed Maurice
 24737 | Orc:2    | Killed Erolcha
 24743 | Orc:2    | Killed Maurice
 24805 | Orc:2    | HP: 3/117 [orc high priest/divine providence (13)]
 25215 | Orc:1    | Noticed Harold
 25227 | Orc:1    | Killed Harold
 25582 | Orc:2    | Found Beekyu Syho's Weapon Shoppe.
 25582 | Orc:2    | Found Nyirel's Assorted Antiques.
 25585 | Orc:2    | Found Fiapp's Armour Shop.
 25585 | Orc:2    | Found Rull's Armour Shoppe.
 26202 | Orc:2    | Bought a dazzling plate armour for 784 gold pieces
 26202 | Orc:2    | Identified the +2 plate armour of Day {Harm rC+ Stlth+}
                  | (You bought it in a shop on level 2 of the Orcish Mines)
 26218 | Orc:2    | Bought a scroll of enchant weapon for 210 gold pieces
 26223 | Orc:2    | Bought a pair of glowing boots for 210 gold pieces
 26232 | Orc:2    | Bought a +2 cloak of poison resistance for 314 gold pieces
 26468 | Elf:1    | Entered Level 1 of the Elven Halls
 26483 | Orc:2    | Reached XP level 15. HP: 29/124 MP: 23/23
 27148 | Elf:1    | Reached skill level 16 in Axes
 27546 | Elf:1    | Paralysed by an air elemental for 1 turns
 27618 | Elf:1    | Paralysed by an air elemental for 1 turns
 28769 | Elf:2    | Found Dusaygh's Antique Weapon Shop.
 28804 | Elf:2    | HP: 4/125 [deep elf archer/arrow (4)]
 28804 | Elf:2    | Killed from afar by a deep elf zephyrmancer

Illustrated notes

Levels and vault maps discovered:
D:1:      dpeg_arrival_renting, layout_rooms, dilly_ecumenical_altar_fadedgnrine
D:2:      layout_basic, minmay_misc_feat_enclosed
D:3:      layout_loops_corners, uniq_jessica
D:4:      layout_gridville, gammafunk_ghost_abyssal_escape, uniq_blork_the_orc,
          uniq_menkaure
D:5:      layout_rooms, kennysheep_diamond, st_stairs_11, uniq_ijyb,
          uniq_edmund, uniq_crazy_yiuf_cottage, uniq_grinder
D:6:      layout_gridville, minmay_temple_entry_poolview, serial_shops,
          nicolae_square_shop, nicolae_shop_stone, nicolae_shop_hallway_stairs,
          roderic_serpentine_path
D:7:      layout_cave_pools
D:8:      layout_layer_cave, mainiacjoe_overflow_alcove_4,
          minmay_lair_entry_grove, kennysheep_generic_room_6,
          uniq_prince_ribbit1
D:9:      layout_basic
D:10:     layout_irregular_city
D:11:     layout_roguey, minmay_orc_entry_temple_small, minmay_misc_feat_chi
Lair:1:   layout_layer_cave, serial_bayou_shore_a, grunt_megastairs_1,
          infiniplex_staircase_pool
Lair:2:   layout_misc_corridors, minmay_swamp_entry_worms, gammafunk_ghost_ooze,
          uniq_sonja
Lair:3:   layout_hall_layers, st_stairs_6, serial_bayou_ford_a
Lair:4:   layout_regular_city, nicolae_spider_entry_tight_spaces
Lair:5:   layout_long_grid, gammafunk_ghost_arena
Lair:6:   evil_forest, layout_regular_city, minmay_slime_entry_pillars
Orc:1:    layout_caves, uniq_harold
Orc:2:    grunt_orc_tribal_feast, layout_diamond_mine, basic_altar,
          uniq_maurice, uniq_erolcha
Elf:1:    eino_elf_arrival_shootout, layout_gridlike, minivault_28
Elf:2:    nicolae_elf_blades_splatter_lattice [nicolae_blade_entry_pointy_end],
          layout_onion_city, serial_shops, shop,
          minmay_checkered_concentric_circles

Skill      XL: |  1  2  3  4  5  6  7  8  9 10 11 12 13 14 15 |
---------------+----------------------------------------------+-----
Armour         | 4 5 6 7 8 9 10 11 13 14 | 14.7
Fighting       | 4 5 6 7 9 10 11 12 14 | 14.8
Axes           | 3 4 5 6 7 9 10 12 13 14 15 16 | 16.7
Shields        | 4 5 6 7 8 9 |  9.0
Invocations    | 1 3 4 5 7 8 9 10 12 | 12.5
Maces & Flails | 1 |  1.9
Polearms       | 2 3 5 9 11 12 | 12.9

Action                   |  1- 3 |  4- 6 |  7- 9 | 10-12 | 13-15 || total
-------------------------+-------+-------+-------+-------+-------++-------
Melee: War axe           |    73 |    82 |   203 |   236 |    98 ||   692
       Headbutt          |     7 |    16 |    36 |    90 |   155 ||   304
       Morningstar       |       |       |     8 |       |       ||     8
       Trident           |       |       |    32 |   207 |   350 ||   589
       Broad axe         |       |       |       |       |   223 ||   223
Invok: Ancestor Life: He |       |     1 |       |       |       ||     1
       Idealise          |       |       |       |     1 |     1 ||     2
       Recall Ancestor   |       |       |       |     2 |     1 ||     3
       Transference      |       |       |       |       |     3 ||     3
Evoke: Wand              |       |       |       |       |     1 ||     1
  Use: Scroll            |       |       |     9 |     7 |    11 ||    27
       Potion            |       |       |       |     2 |     5 ||     7
 Stab: Confused          |       |     1 |       |     8 |     4 ||    13
       Distracted        |       |       |     3 |     3 |     6 ||    12
       Petrified         |       |       |       |       |     2 ||     2
       Petrifying        |       |       |       |       |     1 ||     1
       Paralysed         |       |       |       |       |     3 ||     3
Armor: Scale mail        |    49 |     8 |    95 |   149 |       ||   301
       Chain mail        |       |    35 |     8 |     3 |   147 ||   193
       Plate armour      |       |       |       |       |    43 ||    43
Dodge: Dodged            |    45 |    26 |   111 |   215 |   209 ||   606
Block: Buckler           |    11 |    13 |    54 |    82 |    99 ||   259
